Rockets vs Canucks
Created - December 19, 2024 at 19:23
Goals
|
| Rockets |
0 |
1 |
0 |
1 |
| Canucks |
3 |
1 |
2 |
6 |
|
Shots
|
| Rockets |
10 |
8 |
14 |
32 |
| Canucks |
10 |
9 |
10 |
29 |
|
1st period
1. Canucks , Juho Lammikko 9 (Nicolas Petan 22, Ryan Lomberg 19) at 12:14
2. Canucks , Juho Lammikko 10 (William Lagesson 11, Ryan Lomberg 20) at 13:23
3. Canucks , Juho Lammikko 11 (Adam Ollas-Mattsson 18) at 19:16
Penalties :
William Lagesson (Abb) for Tripping (Minor) at 1:38
2nd period
4. Canucks , Axel Holmstrom 6 (William Lockwood 8, Adam Ollas-Mattsson 19) at 0:37
5. Rockets , Patrik Laine 6 (Nick Suzuki 14) at 14:07
Penalties :
Adam Ollas-Mattsson (Abb) for Hooking (Minor) at 2:14, Will Borgen (Abb) for Tripping (Minor) at 5:54, William Lockwood (Abb) for Tripping (Minor) at 8:27, Daniil Miromanov (Abb) for Tripping (Minor) at 15:22
3rd period
6. Canucks , Ryan Lomberg 20 (Nicolas Petan 23, Juho Lammikko 14) at 16:37 (PP)
7. Canucks , Trevor Moore 12 (Adam Ollas-Mattsson 20, Axel Holmstrom 9) at 18:35
Penalties :
Juho Lammikko (Abb) for Roughing (Minor) at 6:51, William Lagesson (Abb) for Holding (Minor) at 10:02, Matias Maccelli (Lav) for Roughing (Minor) at 16:30
Goalie Stats
Kaapo Kahkonen (Lav), 7 saves from 11 shots - (0.636), L, 6-4-2, 20:37 minutes
Pyotr Kochetkov (Lav), 16 saves from 18 shots - (0.889), 39:23 minutes
Thatcher Demko (Abb), 31 saves from 32 shots - (0.969), W, 12-6-0, 60:00 minutes
Players Stats for Rockets
Player Name G A P +/- PIM S H SB GA TA FO MP PP MP PK MP
------------------------------------------------------------------------------------
Alex Newhook 0 0 0 0 0 0 3 0 1 0 0/0 9:04 0:00 0:00
Arber Xhekaj 0 0 0 -3 0 0 1 2 0 0 0/0 17:58 0:00 0:00
Cole Caufield 0 0 0 0 0 0 1 0 0 0 0/1 16:12 7:13 0:00
Eetu Luostarinen 0 0 0 0 0 2 2 2 0 0 1/2 21:34 7:30 0:07
Eric Karlsson 0 0 0 -1 0 5 1 0 0 0 1/1 10:01 0:02 0:00
Hunter Drew 0 0 0 0 0 0 0 0 0 0 0/0 6:52 0:00 0:00
Jacob Bryson 0 0 0 -1 0 0 0 1 0 0 0/0 6:59 0:00 0:00
Jacob De La Rose 0 0 0 -3 0 0 2 0 0 2 8/19 19:40 6:21 0:07
Jayden Struble 0 0 0 0 0 0 0 0 0 0 0/0 6:52 0:00 0:00
Jeff Corbett 0 0 0 0 0 0 0 2 0 0 0/0 10:12 0:00 0:07
John Marino 0 0 0 -1 0 1 1 0 0 0 0/0 16:18 5:29 0:00
Julien Gauthier 0 0 0 -3 0 2 1 0 0 1 0/2 19:31 6:21 0:00
Kirby Dach 0 0 0 -1 0 1 2 0 0 0 2/3 8:13 0:00 0:00
Matias Maccelli 0 0 0 -3 2 1 0 3 1 0 1/1 19:20 6:21 0:00
Moritz Seider 0 0 0 0 0 0 1 3 1 0 0/0 19:24 5:29 0:00
Nick Suzuki 0 1 1 0 0 3 1 0 0 1 15/28 21:23 7:16 0:00
Patrik Laine 1 0 1 0 0 4 3 0 0 1 0/2 22:32 8:24 0:00
Quinn Hughes 0 0 0 -3 0 6 1 1 1 2 0/0 26:45 8:24 0:07
Tage Thompson 0 0 0 -1 0 3 0 0 0 0 0/0 10:15 0:16 0:00
Zach Stepan 0 0 0 0 0 4 0 1 0 1 4/5 10:47 0:19 0:00
Players Stats for Canucks
Player Name G A P +/- PIM S H SB GA TA FO MP PP MP PK MP
------------------------------------------------------------------------------------
Adam Ollas-Mattsson 0 3 3 5 2 1 1 2 0 0 0/0 28:36 0:07 6:32
Aku Raty 0 0 0 0 0 0 0 0 0 0 0/0 7:40 0:00 0:00
Aleksi Heponiemi 0 0 0 0 0 4 1 0 0 0 0/2 7:40 0:00 0:00
Axel Holmstrom 1 1 2 1 0 2 1 1 0 1 9/14 11:41 0:00 0:37
C.J. Smith 0 0 0 0 0 1 0 0 0 0 1/1 7:51 0:00 0:00
Daniil Miromanov 0 0 0 -1 2 1 0 2 0 0 0/0 19:33 0:00 5:20
Guillaume Brisebois 0 0 0 -1 0 1 1 0 1 0 0/0 20:24 0:00 6:33
Jack Rathbone 0 0 0 0 0 0 0 1 0 1 0/0 14:10 0:00 4:14
Juho Lammikko 3 1 4 3 2 3 1 1 0 0 0/2 20:38 0:07 4:05
Lane Pederson 0 0 0 0 0 3 1 0 0 0 2/7 13:31 0:00 2:49
Mackenzie MacEachern 0 0 0 0 0 2 1 1 1 1 1/1 13:37 0:00 2:14
Nicolas Petan 0 2 2 3 0 1 1 1 1 1 13/30 21:51 0:07 6:35
Ryan Lomberg 1 2 3 3 0 2 2 0 3 0 6/7 22:25 0:07 6:35
Tobias Lindberg 0 0 0 0 0 1 0 0 0 0 0/0 10:31 0:00 0:00
Trevor Moore 1 0 1 1 0 3 1 0 1 0 0/0 17:06 0:00 4:51
Will Borgen 0 0 0 0 2 1 3 0 0 0 0/0 10:41 0:00 0:04
William Lagesson 0 1 1 5 4 0 1 2 1 0 0/0 27:00 0:07 5:03
William Lockwood 0 1 1 1 2 3 2 0 0 0 0/0 11:05 0:00 0:00
3 Stars
1 - Juho Lammikko (Abb)
2 - Ryan Lomberg (Abb)
3 - Adam Ollas-Mattsson (Abb)
Power Play
Rockets - 0 on 7 Attempt(s) - 0.00%
Canucks - 1 on 1 Attempt(s) - 100.00%
Penalty Kill
Rockets - 0 on 1 Attempt(s) - 0.00%
- Score 0 goal in Penalty Kill
Canucks - 7 on 7 Attempt(s) - 100.00%
- Score 0 goal in Penalty Kill
Team Stat
Rockets - Hits : 20 - Faceoff Wins : 32 - Blocked Shots : 15 - Penalty Minutes : 2
Canucks - Hits : 17 - Faceoff Wins : 32 - Blocked Shots : 11 - Penalty Minutes : 14
Official
Referees : Garrett Rank and Brandon Blandina
Linesman : Brandon Gawryletz and Kyle Flemington
Game Notes
Juho Lammikko has scored a Hat Trick!
Pyotr Kochetkov enters game at 0:37 of 2nd period
Finance
Level 1 -- Attendance: 1878 (93.90%) -- Ticket Income $131,460
Level 2 -- Attendance: 996 (99.60%) -- Ticket Income $39,840
Total Attendance: 2874 (95.80%)
Total Ticket Income: $171,300
Other Income: $8,565
Total Income: $179,865
Rockets
5 vs 5 Forward
Center Left Wing Right Wing Time % Phy DF OF
1 Nick Suzuki Eetu Luostarinen Patrik Laine 35 1 2 2
2 Jacob De La Rose Matias Maccelli Julien Gauthier 30 1 2 2
3 Zach Stepan Alex Newhook Cole Caufield 20 1 2 2
4 Kirby Dach Eric Karlsson Tage Thompson 15 1 2 2
5 vs 5 Defense
Defense Defense Time % Phy DF OF
1 Quinn Hughes Arber Xhekaj 40 1 2 2
2 John Marino Jacob Bryson 25 1 2 2
3 Jeff Corbett Moritz Seider 25 1 2 2
4 Hunter Drew Jayden Struble 10 1 2 2
PowerPlay Forward
Center Left Wing Right Wing Time % Phy DF OF
1 Nick Suzuki Eetu Luostarinen Cole Caufield 60 1 2 2
2 Jacob De La Rose Matias Maccelli Julien Gauthier 40 1 2 2
PowerPlay Defense
Defense Defense Time % Phy DF OF
1 Quinn Hughes Patrik Laine 60 1 2 2
2 John Marino Moritz Seider 40 1 2 2
Penalty Kill 4 Players Forward
Center Wing Time % Phy DF OF
1 Jacob De La Rose Eetu Luostarinen 60 1 2 2
2 Zach Stepan Tage Thompson 40 1 2 2
Penalty Kill 4 Players Defense
Defense Defense Time % Phy DF OF
1 Quinn Hughes Jeff Corbett 60 1 2 2
2 John Marino Arber Xhekaj 40 1 2 2
Penalty Kill - 3 Players Forward
Forward Time % Phy DF OF
1 Jacob De La Rose 60 1 2 2
2 Zach Stepan 40 1 2 2
Penalty Kill - 3 Players Defense
Defense Defense Time % Phy DF OF
1 Quinn Hughes Jeff Corbett 60 1 2 2
2 John Marino Arber Xhekaj 40 1 2 2
4 vs 4 Forward
Center Wing Time % Phy DF OF
1 Jacob De La Rose Eetu Luostarinen 60 1 2 2
2 Nick Suzuki Patrik Laine 40 1 2 2
4 vs 4 Defense
Defense Defense Time % Phy DF OF
1 Quinn Hughes Jeff Corbett 60 1 2 2
2 John Marino Jacob Bryson 40 1 2 2
Last Minutes Offensive
Center Left Wing Right Wing Defense Defense
Nick Suzuki Matias Maccelli Patrik Laine Quinn Hughes Jeff Corbett
Last Minutes Defensive
Center Left Wing Right Wing Defense Defense
Jacob De La Rose Eetu Luostarinen Tage Thompson John Marino Jeff Corbett
Goaltenders
Starting : Kaapo Kahkonen
Backup : Pyotr Kochetkov
Extra Forwards
Normal : Zach Stepan, Tage Thompson, Matias Maccelli - PP : Zach Stepan, Tage Thompson - PK : Zach Stepan
Extra Defensemen
Normal : Moritz Seider, Arber Xhekaj, Jayden Struble - PP : Moritz Seider - PK : Moritz Seider, Arber Xhekaj
Penalty Shots
Jacob De La Rose, Patrik Laine, Nick Suzuki, Eetu Luostarinen, Zach Stepan
Custom OT Lines Forwards
Jacob De La Rose, Patrik Laine, Nick Suzuki, Eetu Luostarinen, Zach Stepan, Julien Gauthier, Matias Maccelli, Eric Karlsson, Tage Thompson, Cole Caufield
Custom OT Lines Defensemen
Quinn Hughes, Jeff Corbett, John Marino, Jacob Bryson, Arber Xhekaj
Scratches
Grant Besse (Healthy), Alexander Romanov (Healthy), Garret Pilon (Healthy), Michael Pezzetta (Healthy), Joel Teasdale (Healthy)
Zachary Gallant (Healthy), Ville Heinola (Healthy), Justus Annunen (Healthy), Olle Eriksson Ek (Healthy)
Canucks
5 vs 5 Forward
Center Left Wing Right Wing Time % Phy DF OF
1 Nicolas Petan Ryan Lomberg Juho Lammikko 40 1 2 2
2 Axel Holmstrom Trevor Moore William Lockwood 30 1 2 2
3 Lane Pederson Mackenzie MacEachern Tobias Lindberg 20 1 2 2
4 Aleksi Heponiemi C.J. Smith Aku Raty 10 1 2 2
5 vs 5 Defense
Defense Defense Time % Phy DF OF
1 Adam Ollas-Mattsson William Lagesson 40 1 2 2
2 Daniil Miromanov Guillaume Brisebois 30 1 2 2
3 Will Borgen Jack Rathbone 20 1 2 2
4 Adam Ollas-Mattsson William Lagesson 10 1 2 2
PowerPlay Forward
Center Left Wing Right Wing Time % Phy DF OF
1 Nicolas Petan Ryan Lomberg Juho Lammikko 60 1 2 2
2 Axel Holmstrom Trevor Moore William Lockwood 40 1 2 2
PowerPlay Defense
Defense Defense Time % Phy DF OF
1 Adam Ollas-Mattsson William Lagesson 60 1 2 2
2 Daniil Miromanov Guillaume Brisebois 40 1 2 2
Penalty Kill 4 Players Forward
Center Wing Time % Phy DF OF
1 Ryan Lomberg Nicolas Petan 60 1 2 2
2 Juho Lammikko Trevor Moore 40 1 2 2
Penalty Kill 4 Players Defense
Defense Defense Time % Phy DF OF
1 Adam Ollas-Mattsson William Lagesson 60 1 2 2
2 Daniil Miromanov Guillaume Brisebois 40 1 2 2
Penalty Kill - 3 Players Forward
Forward Time % Phy DF OF
1 Ryan Lomberg 60 1 2 2
2 Nicolas Petan 40 1 2 2
Penalty Kill - 3 Players Defense
Defense Defense Time % Phy DF OF
1 Adam Ollas-Mattsson William Lagesson 60 1 2 2
2 Daniil Miromanov Guillaume Brisebois 40 1 2 2
4 vs 4 Forward
Center Wing Time % Phy DF OF
1 Ryan Lomberg Nicolas Petan 60 1 2 2
2 Juho Lammikko Trevor Moore 40 1 2 2
4 vs 4 Defense
Defense Defense Time % Phy DF OF
1 Adam Ollas-Mattsson William Lagesson 60 1 2 2
2 Daniil Miromanov Guillaume Brisebois 40 1 2 2
Last Minutes Offensive
Center Left Wing Right Wing Defense Defense
Nicolas Petan Ryan Lomberg Juho Lammikko Adam Ollas-Mattsson William Lagesson
Last Minutes Defensive
Center Left Wing Right Wing Defense Defense
Nicolas Petan Ryan Lomberg Juho Lammikko Adam Ollas-Mattsson William Lagesson
Goaltenders
Starting : Thatcher Demko
Backup : Casey DeSmith
Extra Forwards
Normal : Mackenzie MacEachern, C.J. Smith, Lane Pederson - PP : Mackenzie MacEachern, C.J. Smith - PK : Lane Pederson
Extra Defensemen
Normal : Will Borgen, Jack Rathbone, Daniil Miromanov - PP : Will Borgen - PK : Jack Rathbone, Daniil Miromanov
Penalty Shots
Ryan Lomberg, Nicolas Petan, Juho Lammikko, Trevor Moore, Axel Holmstrom
Custom OT Lines Forwards
Ryan Lomberg, Nicolas Petan, Juho Lammikko, Trevor Moore, Axel Holmstrom, Mackenzie MacEachern, C.J. Smith, William Lockwood, Lane Pederson, Aleksi Heponiemi
Custom OT Lines Defensemen
Adam Ollas-Mattsson, William Lagesson, Daniil Miromanov, Guillaume Brisebois, Will Borgen
Scratches
Charles Hudon (Healthy), Curtis Lazar (Healthy), Brandon Saigeon (Healthy), Jay O'Brien (Healthy), Dan Renouf (Healthy)
Rasmus Asplund (Healthy), Jake Paterson (Healthy), Marek Langhamer (Healthy)
% Time on Ice - Rockets
Lines # - Real PCT - Wanted PCT - Time Play
Normal Forward
1 - 34% - 35% - 15:43
2 - 28% - 30% - 13:00
3 - 20% - 20% - 9:04
4 - 18% - 15% - 8:13
Normal Defense
1 - 40% - 40% - 18:14
2 - 24% - 25% - 10:49
3 - 22% - 25% - 10:05
4 - 15% - 10% - 6:52
PP Forward
1 - 54% - 60% - 7:32
2 - 46% - 40% - 6:21
PP Defense
1 - 61% - 60% - 8:24
2 - 39% - 40% - 5:29
PK Forward
1 - 100% - 60% - 0:07
2 - 0% - 40% - 0:00
PK Defense
1 - 100% - 60% - 0:07
2 - 0% - 40% - 0:00
PK3 Forward
1 - 0% - 60%
2 - 0% - 40%
PK3 Defense
1 - 0% - 60%
2 - 0% - 40%
44 Forward
1 - 0% - 60%
2 - 0% - 40%
44 Defense
1 - 0% - 60%
2 - 0% - 40%
Last Minute Offensive - 0:00
Last Minute Defensive - 0:00
Total
Forward - 60:00
Defense - 60:00
|
% Time on Ice - Canucks
Lines # - Real PCT - Wanted PCT - Time Play
Normal Forward
1 - 34% - 40% - 15:25
2 - 28% - 30% - 12:53
3 - 22% - 20% - 10:02
4 - 17% - 10% - 7:40
Normal Defense
1 - 43% - 40% - 19:46
2 - 31% - 30% - 14:07
3 - 21% - 20% - 9:33
4 - 6% - 10% - 2:34
PP Forward
1 - 100% - 60% - 0:07
2 - 0% - 40% - 0:00
PP Defense
1 - 100% - 60% - 0:07
2 - 0% - 40% - 0:00
PK Forward
1 - 65% - 60% - 9:02
2 - 35% - 40% - 4:51
PK Defense
1 - 55% - 60% - 7:35
2 - 45% - 40% - 6:18
PK3 Forward
1 - 0% - 60%
2 - 0% - 40%
PK3 Defense
1 - 0% - 60%
2 - 0% - 40%
44 Forward
1 - 0% - 60%
2 - 0% - 40%
44 Defense
1 - 0% - 60%
2 - 0% - 40%
Last Minute Offensive - 0:00
Last Minute Defensive - 0:00
Total
Forward - 60:00
Defense - 60:00
|
Play-by-Play
1st period
0:01 of 1st period - Nick Suzuki wins face-off versus Nicolas Petan in neutral zone.
0:15 of 1st period - Wrist shot by Nicolas Petan.
0:15 of 1st period - Deflect By Juho Lammikko.
0:15 of 1st period - Shot Misses the Net.
0:15 of 1st period - Puck is out of play.
0:16 of 1st period - Axel Holmstrom wins face-off versus Jacob De La Rose in Rockets zone.
0:25 of 1st period - Snap shot by Axel Holmstrom.
0:25 of 1st period - Shot Blocked by Jacob Bryson.
0:27 of 1st period - Wrist shot by Axel Holmstrom.
0:27 of 1st period - Stopped by Kaapo Kahkonen with a rebound.
0:29 of 1st period - Snap shot by William Lockwood.
0:29 of 1st period - Shot Misses the Net.
0:41 of 1st period - Daniil Miromanov is hit by Alex Newhook.
1:28 of 1st period - Adam Ollas-Mattsson is hit by Eetu Luostarinen and loses puck.
1:35 of 1st period - Slapshot by Quinn Hughes.
1:35 of 1st period - Deflect By Nick Suzuki.
1:35 of 1st period - Shot Misses the Net.
1:35 of 1st period - Puck is out of play.
1:36 of 1st period - Axel Holmstrom wins face-off versus Jacob De La Rose in Canucks zone.
1:38 of 1st period - Minor Penalty to William Lagesson for Tripping.
1:39 of 1st period - Ryan Lomberg wins face-off versus Cole Caufield in Canucks zone.
2:05 of 1st period - Ryan Lomberg is hit by Jacob De La Rose and loses puck.
3:06 of 1st period - Nick Suzuki is hit by Lane Pederson and loses puck.
3:38 of 1st period - Penalty to William Lagesson is over, William Lagesson is back on ice.
3:44 of 1st period - Mackenzie MacEachern is hit by Eric Karlsson and loses puck.
4:15 of 1st period - Slapshot by Trevor Moore.
4:15 of 1st period - Shot Blocked by Moritz Seider.
4:43 of 1st period - Wrist shot by Zach Stepan.
4:43 of 1st period - Deflect By Eric Karlsson.
4:43 of 1st period - Deflect By Juho Lammikko.
4:43 of 1st period - Stopped by Thatcher Demko with a rebound.
4:53 of 1st period - Wrist shot by Eric Karlsson.
4:53 of 1st period - Stopped by Thatcher Demko with a rebound.
4:55 of 1st period - Snap shot by Tage Thompson.
4:55 of 1st period - Stopped by Thatcher Demko with a rebound.
4:57 of 1st period - Slapshot by John Marino.
4:57 of 1st period - Deflect By Trevor Moore.
4:57 of 1st period - Stopped by Thatcher Demko with a rebound.
5:19 of 1st period - Wrist shot by Eric Karlsson.
5:19 of 1st period - Deflect By Zach Stepan.
5:19 of 1st period - Stopped by Thatcher Demko with a rebound.
5:21 of 1st period - Wrist shot by Zach Stepan.
5:21 of 1st period - Shot Misses the Net.
5:23 of 1st period - Slapshot by John Marino.
5:23 of 1st period - Deflect By Eric Karlsson.
5:23 of 1st period - Shot Misses the Net.
5:23 of 1st period - Puck is out of play.
5:24 of 1st period - C.J. Smith wins face-off versus Julien Gauthier in Canucks zone.
5:49 of 1st period - William Lagesson is hit by Patrik Laine and loses puck.
5:54 of 1st period - Slapshot by Patrik Laine.
5:54 of 1st period - Stopped by Thatcher Demko without a rebound.
5:55 of 1st period - Jacob De La Rose wins face-off versus Aleksi Heponiemi in Canucks zone.
9:30 of 1st period - Snap shot by Alex Newhook.
9:30 of 1st period - Shot Misses the Net.
10:17 of 1st period - Icing by Quinn Hughes.
10:18 of 1st period - Zach Stepan wins face-off versus Aleksi Heponiemi in Rockets zone.
10:40 of 1st period - Icing by Tobias Lindberg.
10:41 of 1st period - Lane Pederson wins face-off versus Jacob De La Rose in Canucks zone.
10:48 of 1st period - Wrist shot by Ryan Lomberg.
10:48 of 1st period - Shot Blocked by Arber Xhekaj.
10:50 of 1st period - Slapshot by Adam Ollas-Mattsson.
10:50 of 1st period - Shot Misses the Net.
10:52 of 1st period - Wrist shot by Juho Lammikko.
10:52 of 1st period - Shot Blocked by Matias Maccelli.
10:54 of 1st period - Wrist shot by Ryan Lomberg.
10:54 of 1st period - Stopped by Kaapo Kahkonen without a rebound.
10:55 of 1st period - Zach Stepan wins face-off versus Juho Lammikko in Rockets zone.
10:55 of 1st period - Zach Stepan is hit by Ryan Lomberg.
11:01 of 1st period - Wrist shot by Ryan Lomberg.
11:01 of 1st period - Shot Misses the Net.
11:49 of 1st period - Snap shot by Eric Karlsson.
11:49 of 1st period - Shot Blocked by Axel Holmstrom.
11:55 of 1st period - Quinn Hughes is hit by Axel Holmstrom and loses puck.
12:14 of 1st period - Snap shot by Juho Lammikko.
12:14 of 1st period - Goal by Juho Lammikko - Rockets : 0 - Canucks : 1.
12:15 of 1st period - Nicolas Petan wins face-off versus Julien Gauthier in neutral zone.
12:42 of 1st period - Wrist shot by Zach Stepan.
12:42 of 1st period - Stopped by Thatcher Demko without a rebound.
12:43 of 1st period - Zach Stepan wins face-off versus Lane Pederson in Canucks zone.
13:01 of 1st period - Backhand shot by Mackenzie MacEachern.
13:01 of 1st period - Shot Misses the Net.
13:03 of 1st period - Snap shot by Jack Rathbone.
13:03 of 1st period - Deflect By Mackenzie MacEachern.
13:03 of 1st period - Stopped by Kaapo Kahkonen with a rebound.
13:05 of 1st period - Slapshot by Jack Rathbone.
13:05 of 1st period - Shot Blocked by Zach Stepan.
13:07 of 1st period - Snap shot by Mackenzie MacEachern.
13:07 of 1st period - Deflect By Lane Pederson.
13:07 of 1st period - Shot Misses the Net.
13:07 of 1st period - Puck is out of play.
13:08 of 1st period - Nicolas Petan wins face-off versus Jacob De La Rose in Rockets zone.
13:11 of 1st period - Snap shot by Juho Lammikko.
13:11 of 1st period - Shot Blocked by Moritz Seider.
13:21 of 1st period - Backhand shot by Ryan Lomberg.
13:21 of 1st period - Shot Misses the Net.
13:23 of 1st period - Slapshot by William Lagesson.
13:23 of 1st period - Deflect By Juho Lammikko.
13:23 of 1st period - Goal by Juho Lammikko - Rockets : 0 - Canucks : 2.
13:24 of 1st period - Nicolas Petan wins face-off versus Nick Suzuki in neutral zone.
14:54 of 1st period - Lane Pederson is hit by Eetu Luostarinen and loses puck.
15:04 of 1st period - Off-side.
15:05 of 1st period - Jacob De La Rose wins face-off versus Nicolas Petan in neutral zone.
15:10 of 1st period - Slapshot by Quinn Hughes.
15:10 of 1st period - Deflect By Juho Lammikko.
15:10 of 1st period - Stopped by Thatcher Demko with a rebound.
15:12 of 1st period - Slapshot by Matias Maccelli.
15:12 of 1st period - Shot Blocked by Adam Ollas-Mattsson.
15:20 of 1st period - Slapshot by Quinn Hughes.
15:20 of 1st period - Stopped by Thatcher Demko with a rebound.
16:38 of 1st period - Slapshot by William Lockwood.
16:38 of 1st period - Stopped by Kaapo Kahkonen without a rebound.
16:39 of 1st period - Zach Stepan wins face-off versus Axel Holmstrom in Rockets zone.
16:54 of 1st period - Slapshot by Quinn Hughes.
16:54 of 1st period - Shot Blocked by Daniil Miromanov.
17:07 of 1st period - Snap shot by Alex Newhook.
17:07 of 1st period - Shot Blocked by Daniil Miromanov.
17:21 of 1st period - Snap shot by William Lockwood.
17:21 of 1st period - Stopped by Kaapo Kahkonen without a rebound.
17:22 of 1st period - Jacob De La Rose wins face-off versus Nicolas Petan in Rockets zone.
18:14 of 1st period - Snap shot by Aleksi Heponiemi.
18:14 of 1st period - Deflect By C.J. Smith.
18:14 of 1st period - Stopped by Kaapo Kahkonen with a rebound.
18:16 of 1st period - Slapshot by Aku Raty.
18:16 of 1st period - Shot Misses the Net.
18:20 of 1st period - Wrist shot by Aleksi Heponiemi.
18:20 of 1st period - Shot Blocked by Jeff Corbett.
18:36 of 1st period - Snap shot by Matias Maccelli.
18:36 of 1st period - Shot Blocked by Juho Lammikko.
18:38 of 1st period - Slapshot by Julien Gauthier.
18:38 of 1st period - Stopped by Thatcher Demko without a rebound.
18:39 of 1st period - Axel Holmstrom wins face-off versus Nick Suzuki in Canucks zone.
18:45 of 1st period - Off-side.
18:46 of 1st period - Axel Holmstrom wins face-off versus Nick Suzuki in neutral zone.
18:51 of 1st period - Eetu Luostarinen is hit by Will Borgen and loses puck.
19:00 of 1st period - Snap shot by William Lockwood.
19:00 of 1st period - Shot Blocked by Eetu Luostarinen.
19:02 of 1st period - Slapshot by Will Borgen.
19:02 of 1st period - Stopped by Kaapo Kahkonen without a rebound.
19:03 of 1st period - Nicolas Petan wins face-off versus Jacob De La Rose in Rockets zone.
19:16 of 1st period - Snap shot by Juho Lammikko.
19:16 of 1st period - Goal by Juho Lammikko - Rockets : 0 - Canucks : 3.
19:17 of 1st period - Nicolas Petan wins face-off versus Jacob De La Rose in neutral zone.
Goals for this period are 0 for Rockets vs 3 for Canucks.
Shots for this period are 10 for Rockets vs 10 for Canucks.
2nd period
0:01 of 2nd period - Nicolas Petan wins face-off versus Jacob De La Rose in neutral zone.
0:06 of 2nd period - Slapshot by William Lagesson.
0:06 of 2nd period - Shot Blocked by Matias Maccelli.
0:37 of 2nd period - Wrist shot by Axel Holmstrom.
0:37 of 2nd period - Goal by Axel Holmstrom - Rockets : 0 - Canucks : 4.
0:37 of 2nd period - Pyotr Kochetkov enters game.
0:38 of 2nd period - Jacob De La Rose wins face-off versus Nicolas Petan in neutral zone.
1:05 of 2nd period - Slapshot by Mackenzie MacEachern.
1:05 of 2nd period - Shot Misses the Net.
1:07 of 2nd period - Wrist shot by Lane Pederson.
1:07 of 2nd period - Stopped by Pyotr Kochetkov with a rebound.
1:09 of 2nd period - Slapshot by Guillaume Brisebois.
1:09 of 2nd period - Stopped by Pyotr Kochetkov with a rebound.
1:11 of 2nd period - Wrist shot by Tobias Lindberg.
1:11 of 2nd period - Stopped by Pyotr Kochetkov with a rebound.
1:25 of 2nd period - Matias Maccelli is hit by Aleksi Heponiemi and loses puck.
1:48 of 2nd period - Slapshot by Quinn Hughes.
1:48 of 2nd period - Stopped by Thatcher Demko without a rebound.
1:49 of 2nd period - Nick Suzuki wins face-off versus Axel Holmstrom in Canucks zone.
2:06 of 2nd period - Wrist shot by Nick Suzuki.
2:06 of 2nd period - Stopped by Thatcher Demko with a rebound.
2:14 of 2nd period - Minor Penalty to Adam Ollas-Mattsson for Hooking.
2:15 of 2nd period - Ryan Lomberg wins face-off versus Nick Suzuki in Canucks zone.
4:14 of 2nd period - Penalty to Adam Ollas-Mattsson is over, Adam Ollas-Mattsson is back on ice.
4:34 of 2nd period - Wrist shot by Aleksi Heponiemi.
4:34 of 2nd period - Stopped by Pyotr Kochetkov with a rebound.
4:36 of 2nd period - Slapshot by Adam Ollas-Mattsson.
4:36 of 2nd period - Stopped by Pyotr Kochetkov with a rebound.
4:46 of 2nd period - Alex Newhook is hit by Trevor Moore and loses puck.
5:12 of 2nd period - Kirby Dach is hit by Mackenzie MacEachern and loses puck.
5:44 of 2nd period - Will Borgen is hit by Kirby Dach and loses puck.
5:51 of 2nd period - Wrist shot by Kirby Dach.
5:51 of 2nd period - Stopped by Thatcher Demko without a rebound.
5:52 of 2nd period - Nicolas Petan wins face-off versus Nick Suzuki in Canucks zone.
5:54 of 2nd period - Minor Penalty to Will Borgen for Tripping.
5:55 of 2nd period - Ryan Lomberg wins face-off versus Nick Suzuki in Canucks zone.
7:54 of 2nd period - Penalty to Will Borgen is over, Will Borgen is back on ice.
8:27 of 2nd period - Minor Penalty to William Lockwood for Tripping.
8:28 of 2nd period - Ryan Lomberg wins face-off versus Nick Suzuki in Canucks zone.
8:53 of 2nd period - Nicolas Petan is hit by Cole Caufield and loses puck.
9:53 of 2nd period - Snap shot by Lane Pederson.
9:53 of 2nd period - Stopped by Pyotr Kochetkov with a rebound.
10:27 of 2nd period - Penalty to William Lockwood is over, William Lockwood is back on ice.
11:07 of 2nd period - Cole Caufield is hit by Will Borgen and loses puck.
11:12 of 2nd period - Wrist shot by Aleksi Heponiemi.
11:12 of 2nd period - Stopped by Pyotr Kochetkov with a rebound.
11:37 of 2nd period - Jacob De La Rose is hit by Will Borgen and loses puck.
12:26 of 2nd period - Slapshot by C.J. Smith.
12:26 of 2nd period - Shot Misses the Net.
12:45 of 2nd period - Julien Gauthier is hit by Nicolas Petan and loses puck.
13:11 of 2nd period - Snap shot by Matias Maccelli.
13:11 of 2nd period - Stopped by Thatcher Demko with a rebound.
13:13 of 2nd period - Wrist shot by Julien Gauthier.
13:13 of 2nd period - Stopped by Thatcher Demko without a rebound.
13:14 of 2nd period - Nicolas Petan wins face-off versus Nick Suzuki in Canucks zone.
13:41 of 2nd period - Snap shot by Zach Stepan.
13:41 of 2nd period - Shot Misses the Net.
13:43 of 2nd period - Slapshot by Moritz Seider.
13:43 of 2nd period - Shot Misses the Net.
13:51 of 2nd period - Snap shot by Zach Stepan.
13:51 of 2nd period - Deflect By William Lagesson.
13:51 of 2nd period - Shot Blocked by Nicolas Petan.
13:51 of 2nd period - Puck is out of play.
13:52 of 2nd period - Axel Holmstrom wins face-off versus Eetu Luostarinen in Canucks zone.
14:07 of 2nd period - Snap shot by Patrik Laine.
14:07 of 2nd period - Goal by Patrik Laine - Rockets : 1 - Canucks : 4.
14:08 of 2nd period - Nick Suzuki wins face-off versus Nicolas Petan in neutral zone.
14:11 of 2nd period - Ryan Lomberg is hit by Patrik Laine and loses puck.
14:58 of 2nd period - Wrist shot by Quinn Hughes.
14:58 of 2nd period - Stopped by Thatcher Demko without a rebound.
14:59 of 2nd period - Jacob De La Rose wins face-off versus Lane Pederson in Canucks zone.
15:04 of 2nd period - Wrist shot by Lane Pederson.
15:04 of 2nd period - Shot Hit the Post.
15:10 of 2nd period - Snap shot by Tobias Lindberg.
15:10 of 2nd period - Deflect By Mackenzie MacEachern.
15:10 of 2nd period - Shot Hit the Post.
15:10 of 2nd period - Puck is out of play.
15:11 of 2nd period - Nick Suzuki wins face-off versus Nicolas Petan in Rockets zone.
15:22 of 2nd period - Minor Penalty to Daniil Miromanov for Tripping.
15:23 of 2nd period - Ryan Lomberg wins face-off versus Nick Suzuki in Canucks zone.
17:22 of 2nd period - Penalty to Daniil Miromanov is over, Daniil Miromanov is back on ice.
17:37 of 2nd period - Snap shot by Lane Pederson.
17:37 of 2nd period - Stopped by Pyotr Kochetkov without a rebound.
17:38 of 2nd period - Axel Holmstrom wins face-off versus Kirby Dach in Rockets zone.
18:32 of 2nd period - Slapshot by Tage Thompson.
18:32 of 2nd period - Stopped by Thatcher Demko without a rebound.
18:33 of 2nd period - Eric Karlsson wins face-off versus Nicolas Petan in Canucks zone.
18:34 of 2nd period - Snap shot by Tage Thompson.
18:34 of 2nd period - Shot Blocked by William Lagesson.
18:58 of 2nd period - Axel Holmstrom is hit by Julien Gauthier and loses puck.
19:11 of 2nd period - Snap shot by Matias Maccelli.
19:11 of 2nd period - Shot Misses the Net.
19:45 of 2nd period - Quinn Hughes is hit by Juho Lammikko and loses puck.
Goals for this period are 1 for Rockets vs 1 for Canucks.
Shots for this period are 8 for Rockets vs 9 for Canucks.
3rd period
0:01 of 3rd period - Nick Suzuki wins face-off versus Nicolas Petan in neutral zone.
0:26 of 3rd period - Jacob De La Rose is hit by William Lockwood and loses puck.
1:17 of 3rd period - Wrist shot by Tage Thompson.
1:17 of 3rd period - Shot Misses the Net.
1:19 of 3rd period - Wrist shot by Eric Karlsson.
1:19 of 3rd period - Shot Blocked by Adam Ollas-Mattsson.
1:35 of 3rd period - Snap shot by C.J. Smith.
1:35 of 3rd period - Shot Blocked by Eetu Luostarinen.
1:37 of 3rd period - Wrist shot by William Lagesson.
1:37 of 3rd period - Shot Hit the Post.
1:39 of 3rd period - Slapshot by Adam Ollas-Mattsson.
1:39 of 3rd period - Deflect By Aleksi Heponiemi.
1:39 of 3rd period - Stopped by Pyotr Kochetkov without a rebound.
1:40 of 3rd period - Matias Maccelli wins face-off versus Axel Holmstrom in Rockets zone.
3:18 of 3rd period - Snap shot by Eric Karlsson.
3:18 of 3rd period - Shot Blocked by Jack Rathbone.
3:20 of 3rd period - Slapshot by Moritz Seider.
3:20 of 3rd period - Shot Misses the Net.
3:22 of 3rd period - Snap shot by Kirby Dach.
3:22 of 3rd period - Deflect By Eric Karlsson.
3:22 of 3rd period - Shot Misses the Net.
3:22 of 3rd period - Puck is out of play.
3:23 of 3rd period - Nick Suzuki wins face-off versus Nicolas Petan in Canucks zone.
3:28 of 3rd period - Wrist shot by Nick Suzuki.
3:28 of 3rd period - Stopped by Thatcher Demko with a rebound.
4:45 of 3rd period - Slapshot by William Lockwood.
4:45 of 3rd period - Stopped by Pyotr Kochetkov without a rebound.
4:46 of 3rd period - Lane Pederson wins face-off versus Patrik Laine in Rockets zone.
5:10 of 3rd period - Icing by Daniil Miromanov.
5:11 of 3rd period - Jacob De La Rose wins face-off versus Axel Holmstrom in Canucks zone.
6:04 of 3rd period - Snap shot by Aleksi Heponiemi.
6:04 of 3rd period - Stopped by Pyotr Kochetkov without a rebound.
6:05 of 3rd period - Nick Suzuki wins face-off versus Nicolas Petan in Rockets zone.
6:10 of 3rd period - Wrist shot by Patrik Laine.
6:10 of 3rd period - Stopped by Thatcher Demko with a rebound.
6:12 of 3rd period - Wrist shot by Jeff Corbett.
6:12 of 3rd period - Shot Misses the Net.
6:32 of 3rd period - Juho Lammikko is hit by Alex Newhook and loses puck.
6:41 of 3rd period - Wrist shot by Zach Stepan.
6:41 of 3rd period - Stopped by Thatcher Demko with a rebound.
6:45 of 3rd period - Wrist shot by Alex Newhook.
6:45 of 3rd period - Shot Misses the Net.
6:51 of 3rd period - Minor Penalty to Juho Lammikko for Roughing.
6:52 of 3rd period - Nick Suzuki wins face-off versus Ryan Lomberg in Canucks zone.
8:29 of 3rd period - Quinn Hughes is hit by Guillaume Brisebois and loses puck.
8:51 of 3rd period - Penalty to Juho Lammikko is over, Juho Lammikko is back on ice.
8:58 of 3rd period - Aku Raty is hit by Kirby Dach and loses puck.
9:07 of 3rd period - Wrist shot by Tage Thompson.
9:07 of 3rd period - Stopped by Thatcher Demko without a rebound.
9:08 of 3rd period - Kirby Dach wins face-off versus Lane Pederson in Canucks zone.
9:15 of 3rd period - Slapshot by Eric Karlsson.
9:15 of 3rd period - Shot Blocked by Mackenzie MacEachern.
9:17 of 3rd period - Snap shot by Eric Karlsson.
9:17 of 3rd period - Stopped by Thatcher Demko without a rebound.
9:18 of 3rd period - Kirby Dach wins face-off versus Lane Pederson in Canucks zone.
9:27 of 3rd period - Snap shot by Eric Karlsson.
9:27 of 3rd period - Stopped by Thatcher Demko without a rebound.
9:28 of 3rd period - Nick Suzuki wins face-off versus Nicolas Petan in Canucks zone.
9:39 of 3rd period - Slapshot by Eetu Luostarinen.
9:39 of 3rd period - Stopped by Thatcher Demko without a rebound.
9:40 of 3rd period - Nick Suzuki wins face-off versus Nicolas Petan in Canucks zone.
9:49 of 3rd period - Wrist shot by Nick Suzuki.
9:49 of 3rd period - Stopped by Thatcher Demko without a rebound.
9:50 of 3rd period - Nick Suzuki wins face-off versus Nicolas Petan in Canucks zone.
9:51 of 3rd period - Slapshot by Quinn Hughes.
9:51 of 3rd period - Stopped by Thatcher Demko with a rebound.
9:55 of 3rd period - Snap shot by Quinn Hughes.
9:55 of 3rd period - Deflect By Patrik Laine.
9:55 of 3rd period - Shot Misses the Net.
9:55 of 3rd period - Puck is out of play.
9:56 of 3rd period - Nick Suzuki wins face-off versus Nicolas Petan in Canucks zone.
10:02 of 3rd period - Minor Penalty to William Lagesson for Holding.
10:03 of 3rd period - Ryan Lomberg wins face-off versus Nick Suzuki in Canucks zone.
11:01 of 3rd period - Ryan Lomberg is hit by Jacob De La Rose and loses puck.
11:21 of 3rd period - Icing by Quinn Hughes.
11:22 of 3rd period - Nick Suzuki wins face-off versus Juho Lammikko in Rockets zone.
12:02 of 3rd period - Penalty to William Lagesson is over, William Lagesson is back on ice.
12:17 of 3rd period - Daniil Miromanov is hit by John Marino and loses puck.
12:27 of 3rd period - Icing by Matias Maccelli.
12:28 of 3rd period - Jacob De La Rose wins face-off versus Lane Pederson in Rockets zone.
12:41 of 3rd period - Mackenzie MacEachern is hit by Quinn Hughes and loses puck.
12:54 of 3rd period - Alex Newhook is hit by William Lockwood and loses puck.
13:07 of 3rd period - Trevor Moore is hit by Arber Xhekaj.
13:53 of 3rd period - Snap shot by Aleksi Heponiemi.
13:53 of 3rd period - Shot Misses the Net.
14:35 of 3rd period - Wrist shot by Zach Stepan.
14:35 of 3rd period - Stopped by Thatcher Demko without a rebound.
14:36 of 3rd period - Axel Holmstrom wins face-off versus Patrik Laine in Canucks zone.
14:45 of 3rd period - Slapshot by William Lagesson.
14:45 of 3rd period - Shot Misses the Net.
15:07 of 3rd period - Wrist shot by Axel Holmstrom.
15:07 of 3rd period - Deflect By Trevor Moore.
15:07 of 3rd period - Shot Misses the Net.
15:07 of 3rd period - Puck is out of play.
15:08 of 3rd period - Nicolas Petan wins face-off versus Jacob De La Rose in Rockets zone.
15:11 of 3rd period - Slapshot by Juho Lammikko.
15:11 of 3rd period - Shot Blocked by Moritz Seider.
15:33 of 3rd period - Moritz Seider is hit by Adam Ollas-Mattsson.
15:39 of 3rd period - Lane Pederson is hit by Alex Newhook and loses puck.
15:58 of 3rd period - Daniil Miromanov is hit by Patrik Laine and loses puck.
16:05 of 3rd period - Snap shot by Patrik Laine.
16:05 of 3rd period - Stopped by Thatcher Demko without a rebound.
16:06 of 3rd period - Nicolas Petan wins face-off versus Nick Suzuki in Canucks zone.
16:06 of 3rd period - Nicolas Petan is hit by Nick Suzuki.
16:12 of 3rd period - Eetu Luostarinen is hit by Ryan Lomberg and loses puck.
16:21 of 3rd period - Slapshot by Ryan Lomberg.
16:21 of 3rd period - Deflect By Juho Lammikko.
16:21 of 3rd period - Shot Misses the Net.
16:21 of 3rd period - Puck is out of play.
16:22 of 3rd period - Axel Holmstrom wins face-off versus Jacob De La Rose in Rockets zone.
16:27 of 3rd period - Wrist shot by Trevor Moore.
16:27 of 3rd period - Stopped by Pyotr Kochetkov without a rebound.
16:28 of 3rd period - Jacob De La Rose wins face-off versus Axel Holmstrom in Rockets zone.
16:30 of 3rd period - Minor Penalty to Matias Maccelli for Roughing.
16:31 of 3rd period - Nicolas Petan wins face-off versus Jacob De La Rose in Rockets zone.
16:37 of 3rd period - Snap shot by Ryan Lomberg.
16:37 of 3rd period - Goal by Ryan Lomberg - Rockets : 1 - Canucks : 5.
16:38 of 3rd period - Nick Suzuki wins face-off versus Nicolas Petan in neutral zone.
17:04 of 3rd period - Patrik Laine is hit by William Lagesson and loses puck.
17:09 of 3rd period - Snap shot by Mackenzie MacEachern.
17:09 of 3rd period - Stopped by Pyotr Kochetkov without a rebound.
17:10 of 3rd period - Mackenzie MacEachern wins face-off versus Jacob De La Rose in Rockets zone.
17:17 of 3rd period - Snap shot by Mackenzie MacEachern.
17:17 of 3rd period - Shot Blocked by Matias Maccelli.
17:19 of 3rd period - Snap shot by Lane Pederson.
17:19 of 3rd period - Shot Blocked by Jeff Corbett.
17:21 of 3rd period - Slapshot by Daniil Miromanov.
17:21 of 3rd period - Stopped by Pyotr Kochetkov without a rebound.
17:22 of 3rd period - Nicolas Petan wins face-off versus Nick Suzuki in Rockets zone.
17:30 of 3rd period - Slapshot by Quinn Hughes.
17:30 of 3rd period - Shot Blocked by William Lagesson.
17:59 of 3rd period - Wrist shot by Trevor Moore.
17:59 of 3rd period - Stopped by Pyotr Kochetkov with a rebound.
18:05 of 3rd period - Adam Ollas-Mattsson is hit by Moritz Seider and loses puck.
18:26 of 3rd period - Snap shot by Matias Maccelli.
18:26 of 3rd period - Shot Hit the Post.
18:35 of 3rd period - Snap shot by Trevor Moore.
18:35 of 3rd period - Goal by Trevor Moore - Rockets : 1 - Canucks : 6.
18:36 of 3rd period - Nicolas Petan wins face-off versus Nick Suzuki in neutral zone.
18:39 of 3rd period - Snap shot by Ryan Lomberg.
18:39 of 3rd period - Shot Misses the Net.
18:41 of 3rd period - Slapshot by Nicolas Petan.
18:41 of 3rd period - Shot Blocked by Arber Xhekaj.
18:43 of 3rd period - Slapshot by Guillaume Brisebois.
18:43 of 3rd period - Shot Misses the Net.
18:45 of 3rd period - Snap shot by Ryan Lomberg.
18:45 of 3rd period - Shot Blocked by Quinn Hughes.
18:51 of 3rd period - Wrist shot by Nicolas Petan.
18:51 of 3rd period - Stopped by Pyotr Kochetkov without a rebound.
18:52 of 3rd period - Axel Holmstrom wins face-off versus Zach Stepan in Rockets zone.
19:03 of 3rd period - Snap shot by Quinn Hughes.
19:03 of 3rd period - Stopped by Thatcher Demko without a rebound.
19:04 of 3rd period - Eetu Luostarinen wins face-off versus Nicolas Petan in Canucks zone.
19:09 of 3rd period - Slapshot by Patrik Laine.
19:09 of 3rd period - Deflect By Nick Suzuki.
19:09 of 3rd period - Shot Misses the Net.
19:09 of 3rd period - Puck is out of play.
19:10 of 3rd period - Nick Suzuki wins face-off versus Nicolas Petan in Canucks zone.
19:17 of 3rd period - Backhand shot by Nick Suzuki.
19:17 of 3rd period - Shot Misses the Net.
19:19 of 3rd period - Snap shot by Eetu Luostarinen.
19:19 of 3rd period - Stopped by Thatcher Demko with a rebound.
19:59 of 3rd period - Wrist shot by Eric Karlsson.
19:59 of 3rd period - Stopped by Thatcher Demko with a rebound.
Goals for this period are 0 for Rockets vs 2 for Canucks.
Shots for this period are 14 for Rockets vs 10 for Canucks.